AoeStats
← Your father like an elephant

Arena

510086089Analyzed
3v3 RM · 2d ago on Sep 29, 2026· 73m 2s· 6 players
Game mode
Random Map
Map size
Normal (6 player)
Population
200
Speed
Normal
Resources
Standard
Victory
Conquest
Starting age
Dark Age
Ending age
Imperial Age
RankedLock teamsTeams togetherTeam positionsShared explorationLock speedFull tech treeHidden civsTurbo modeCheats
Victory
Defeat
🇦🇺 Bengalis · Australia
1327
+10
🇹🇷 Malay · Türkiye
1252
+13
🇨🇳 Burgundians · China
1249
+13
🇺🇸 Varangians · United States
1195
-12
1195
-12
1195
-12
avalperen2012
11:52 Feudal Age
12:56 Loom
15:39 Castle Age
17:43 Town Watch
26:06 Forging
31:31 Wheelbarrow
31:10 Horse Collar
31:19 Double-Bit Axe
33:05 Bow Saw
34:17 Heavy Plow
38:03 Imperial Age
38:08 Hand Cart
37:55 Town Patrol
38:39 Forced Levy
39:03 Conscription
39:11 Arson
39:27 Squires
38:48 Pikeman
41:27 Iron Casting
40:23 Man-at-Arms
40:24 Halberdier
42:14 Long Swordsman
42:59 Two-Handed Swordsman
45:44 Crop Rotation
47:10 Elite Karambit Warrior
48:16 Capped Ram
48:17 Heavy Scorpion
49:57 Ballistics
56:56 Chemistry
56:03 Siege Engineers
55:39 Treadmill Crane
57:03 Blast Furnace
55:55 Fletching
56:05 Padded Archer Armor
56:14 Scale Barding Armor
60:53 Caravan
61:04 Guilds
61:24 Coinage
62:43 Banking
64:40 Elite Battle Elephant
65:21 Husbandry
68:13 Bodkin Arrow
68:35 Leather Archer Armor
GI
10:33 Feudal Age
14:27 Castle Age
13:19 Loom
13:28 Stone Mining
16:17 Wheelbarrow
16:51 Town Watch
16:56 Double-Bit Axe
20:38 Hand Cart
21:06 Fletching
22:32 Gold Mining
22:58 Bow Saw
24:09 Town Patrol
25:11 Gold Shaft Mining
29:04 Imperial Age
26:42 Crossbowman
27:19 Bodkin Arrow
28:14 Padded Archer Armor
30:46 Chemistry
29:53 Bracer
29:16 Arbalester
31:17 Leather Archer Armor
31:40 Ballistics
33:15 Ring Archer Armor
35:07 Scale Barding Armor
34:54 Siege Elephant
36:43 Chain Barding Armor
45:22 Plate Barding Armor
44:57 Forging
50:50 Conscription
53:26 Iron Casting
56:35 Blast Furnace
55:10 Elite Skirmisher
55:57 Caravan
56:12 Light Cavalry
57:03 Bloodlines
56:54 Husbandry
60:09 Coinage
64:22 Two-Man Saw
63:06 Horse Collar
66:25 Banking
71:24 Mahayana
73:45 Mahayana
12014665
10:26 Feudal Age
8:52 Double-Bit Axe
9:49 Loom
14:43 Castle Age
12:51 Horse Collar
14:12 Bow Saw
15:48 Wheelbarrow
21:59 Hand Cart
21:53 Heavy Plow
22:26 Gold Mining
24:03 Town Watch
24:31 Scale Barding Armor
25:13 Forging
24:59 Cavalier
25:40 Husbandry
25:54 Light Cavalry
26:57 Chain Barding Armor
28:20 Iron Casting
31:53 Imperial Age
30:31 Gold Shaft Mining
29:47 Stone Mining
31:09 Town Patrol
31:01 Fletching
33:30 Two-Man Saw
31:58 Paladin
31:59 Hussar
34:39 Plate Barding Armor
35:05 Blast Furnace
36:51 Chemistry
37:14 Padded Archer Armor
37:52 Stone Shaft Mining
39:30 Conscription
39:56 Elite Skirmisher
43:59 Bodkin Arrow
44:05 Scale Mail Armor
44:26 Leather Archer Armor
46:00 Bracer
46:15 Chain Mail Armor
45:23 Pikeman
46:05 Squires
45:51 Arson
46:42 Burgundian Vineyards
46:09 Flemish Revolution
47:41 Ballistics
47:42 Bombard Tower
47:04 Treadmill Crane
49:23 Plate Mail Armor
51:16 Crossbowman
54:50 Murder Holes
54:30 Halberdier
56:18 Crop Rotation
60:40 Caravan
In9Ma
10:09 Feudal Age
9:23 Loom
14:59 Castle Age
13:11 Double-Bit Axe
13:50 Horse Collar
22:28 Town Watch
24:13 Wheelbarrow
26:09 Gold Mining
30:14 Imperial Age
27:44 Stone Mining
27:57 Heavy Plow
28:06 Scale Mail Armor
29:12 Hand Cart
29:11 Forging
29:42 Squires
29:27 Arson
29:57 Bow Saw
30:41 Chain Mail Armor
31:02 Iron Casting
31:58 Conscription
32:25 Plate Mail Armor
33:49 Husbandry
33:10 Light Cavalry
34:01 Bloodlines
33:52 Gothikon
33:55 Capped Ram
34:24 Elite Varangian Guard
35:53 Stone Shaft Mining
35:26 Scale Barding Armor
36:24 Blast Furnace
35:30 Scale Barding Armor
36:47 Guilds
37:09 Fletching
38:00 Coinage
37:47 Hussar
39:12 Banking
40:01 Siege Ram
40:28 Vendel Legacy
41:51 Chain Barding Armor
42:01 Cavalier
50:06 Plate Barding Armor
50:52 Two-Man Saw
51:02 Bodkin Arrow
58:08 Crop Rotation
59:29 Bracer
59:29 Padded Archer Armor
64:26 Caravan
65:09 Leather Archer Armor
66:04 Town Patrol
67:10 Treadmill Crane
68:30 Chemistry
67:51 Ballistics
67:37 Siege Engineers
67:44 Masonry
67:30 Murder Holes
67:46 Fortified Wall
68:55 Pikeman
69:51 Halberdier
72:18 Architecture
Your father like an elephant
10:01 Feudal Age
11:55 Double-Bit Axe
14:41 Castle Age
13:42 Horse Collar
18:53 Loom
23:05 Wheelbarrow
27:23 Imperial Age
25:32 Gold Mining
26:19 Heavy Plow
28:06 Fletching
28:34 Bow Saw
31:00 Two-Man Saw
32:00 Crop Rotation
32:43 Bodkin Arrow
32:48 Padded Archer Armor
34:33 Bracer
34:48 Leather Archer Armor
35:47 Ballistics
36:28 Chemistry
35:59 Conscription
36:00 Hand Cart
35:42 Stone Mining
35:28 Elite Skirmisher
36:44 Ring Archer Armor
38:37 Crossbowman
39:22 Thumb Ring
39:58 Pikeman
40:39 Squires
40:24 Arson
41:39 Elite Genoese Crossbowman
44:02 Stone Shaft Mining
43:21 Town Watch
56:41 Forging
56:31 Scale Mail Armor
56:46 Onager
58:22 Fortified Wall
59:27 Town Patrol
60:01 Guilds
60:55 Scale Barding Armor
61:26 Iron Casting
60:20 Light Cavalry
61:10 Bloodlines
61:11 Hussar
61:53 Husbandry
65:08 Blast Furnace
64:28 Chain Barding Armor
Your mother like a camel
10:39 Feudal Age
14:54 Castle Age
12:43 Double-Bit Axe
14:40 Horse Collar
22:43 Town Watch
25:36 Bow Saw
29:46 Imperial Age
27:45 Gold Mining
27:57 Heavy Plow
29:40 Wheelbarrow
28:50 Loom
29:17 Scale Mail Armor
29:28 Forging
29:32 Man-at-Arms
30:12 Squires
29:58 Arson
29:33 Pikeman
30:57 Gold Shaft Mining
31:12 Hand Cart
30:52 Long Swordsman
32:25 Iron Casting
32:45 Chain Mail Armor
31:55 Two-Handed Swordsman
Connection lost

Rejoining the realm…

Still unreachable

The connection could not be restored.

Session expired

The server has moved on; the page needs a fresh start.